 Dungeon Crawl Stone Soup version 0.22-a0-469-gf26638a (webtiles) character file.

11 Amnesiac the Charlatan (level 2, -1/21 HPs)
             Began as a Mummy Artificer on June 14, 2018.
             Slain by a worker ant (4 damage)
             ... on level 3 of the Dungeon.
             The game lasted 00:00:47 (307 turns).

Amnesiac the Charlatan (Mummy Artificer)             Turns: 307, Time: 00:00:48

Health: -1/21      AC:  3    Str: 15    XL:     2   Next: 17%
Magic:  4/4        EV: 11    Int: 10    God:
Gold:   26         SH:  0    Dex: 12    Spells: 1/1 levels left

rFire    x . .     SeeInvis .   a - +0 short sword
rCold    + . .     Gourm    .   (no shield)
rNeg     + + +     Faith    .   b - +0 leather armour
rPois    ∞         Spirit   .   (no helmet)
rElec    .         Reflect  .   (no cloak)
rCorr    .         Harm     .   (no gloves)
MR       .....                  (no boots)
Stlth    +.........             (no amulet)
HPRegen  0.07/turn              (no ring)
MPRegen  0.09/turn              (no ring)

@: no status effects
A: no food or potions, fire vulnerability, cold resistance 1, negative energy
resistance 3, torment resistance, unbreathing
a: no special abilities


You were on level 3 of the Dungeon.
You were not hungry.

You visited 1 branch of the dungeon, and saw 4 of its levels.

You collected 26 gold pieces.

Inventory:

Hand Weapons
 a - a +0 short sword (weapon)
Armour
 b - a +0 leather armour (worn)
Wands
 c - a wand of flame (15)
 d - a wand of enslavement (14)
 e - a wand of random effects (13)
Scrolls
 f - a scroll of remove curse {!r, unknown}
 g - a scroll of identify {!r, unknown}


   Skills:
 - Level 1.0 Fighting
 - Level 0.7 Short Blades
 - Level 1.5 Dodging
 - Level 0.7 Stealth
 + Level 3.0 Evocations


You had one spell level left.
You didn't know any spells.
Your spell library was empty.

Dungeon Overview and Level Annotations

Branches:
Dungeon (4/15)
 Temple: D:4-7

Altars:


Innate Abilities, Weirdness & Mutations

You do not eat or drink.
Your flesh is vulnerable to fire.
You are immune to poison.
Your flesh is cold resistant. (rC+)
You are immune to negative energy. (rN+++)
You are immune to unholy pain and torment.
You can survive without breathing.


Message History

You have reached level 2!
You start resting.
HP restored.
You start resting.
Magic restored.
You start resting.
Magic restored.
You see here a dagger.
You see here an amethyst potion {!q}.
A rat comes into view.
A rat is nearby!
A rat is nearby!
You see here 13 gold pieces.
You now have 13 gold pieces.
You hit the rat.
You kill the rat!
No target in view!
No target in view!
You see here a rat corpse.
Found a whip.
You now have 26 gold pieces (gained 13).
Found a stone staircase leading down.
g - a scroll labeled ZAIDIPA TIOFREJ {!r} HP restored.
An orc comes into view. It is wielding a club.
There is a stone staircase leading down here.
You climb downwards.
A leopard gecko and a worker ant come into view.
The worker ant twitches its antennae in your direction.
Found a scroll labeled RIRECU AGEASUC, 13 stones and a scale mail.
There is a stone staircase leading up here.
The helpless leopard gecko fails to defend itself.
You hit the leopard gecko.
The leopard gecko is heavily wounded.
The leopard gecko barely misses you.
You hit the leopard gecko.
You kill the leopard gecko!
Evoke which item? (* to show all) (? for menu, Esc to quit)
Aiming: Random Effects
Press: ? - help, Shift-Dir - straight line, f - worker ant
Aim: a worker ant The worker ant seems to speed up.
Evoke which item? (* to show all) (? for menu, Esc to quit)
Aiming: Random Effects
Press: ? - help, Shift-Dir - straight line, f/p - worker ant
Aim: a worker ant (fast)
The worker ant flickers and vanishes!
Deactivating autopickup; reactivate with Ctrl-A.
Something bites you. Something bites you. x2
There is a stone staircase leading up here.
Something bites you but does no damage.
You climb upwards.
There is a stone staircase leading down here.
Something bites you.
* * * LOW HITPOINT WARNING * * *
Something bites you.
* * * LOW HITPOINT WARNING * * *
Evoke which item? (* to show all) (? for menu, Esc to quit)
Aiming: Enslavement
Press: ? - help, Shift-Dir - straight line Nothing appears to happen.
Something bites you.
* * * LOW HITPOINT WARNING * * *
Something bites you.
You die...

#.. #o# #.# #.# #.#
#.# #.# #.# #.# #.#
########### #.# #.#
#.........####.### #.#
#.#######>.@.....#
#.###.# ######.#.#
#.#...# #.#.#
#.#.##############.#.#
#....................#
###..###.###.###.#####
#..# #....#)......
###..###.###.###.###
...#...####.# #.#


There were no monsters in sight!

Vanquished Creatures
  A dart slug (D:3)
  A leopard gecko (D:4)
  A goblin (D:3)
  A hobgoblin (D:1)
  A kobold (D:3)
  2 bats (D:3)
  A rat (D:3)
8 creatures vanquished.

Notes
Turn   | Place    | Note
-------+----------+-------------------------------------------
     0 | D:1      | Amnesiac the Mummy Artificer began the quest for the Orb.
     0 | D:1      | Reached XP level 1. HP: 15/15 MP: 2/2
   199 | D:3      | Reached skill level 3 in Evocations
   199 | D:3      | Reached XP level 2. HP: 16/21 MP: 2/4
   307 | D:3      | Slain by a worker ant

Vault maps used:
D:1:      lemuel_arrival_muddy
D:2:      skrybe_limestone_x, minmay_tetromino_t4
D:3:      grunt_ministairs_15, palyth_stone_intersect
D:4:      first_ration, uniq_pikel, uniq_blork_the_orc

Skill      XL: |  1 |
---------------+----+-----
Evocations     | 3 |  3.0
Fighting       | |  1.0
Short Blades   | |  0.7
Dodging        | |  1.5
Stealth        | |  0.7

Action                   || total
-------------------------++-------
Melee: Short sword       ||    23
Evoke: Wand              ||     3
 Stab: Sleeping          ||     1
Armor: Leather armour    ||     7
Dodge: Dodged            ||    12

Table legend:
 A = Spawn XP
 B = Non-spawn XP
 C = Spawn XP percentage of total XP
 D = Spawn monster count
 E = Non-spawn monster count
 F = Spawn count percentage of total count
 G = Total turns spent on level
                    A         B        C        D         E        F      G
               +---------+---------+-------+---------+---------+-------+---------
         Total |       0 |      17 |   0.0 |       0 |       8 |   0.0 |   307
               +---------+---------+-------+---------+---------+-------+---------
           D:1 |       0 |       2 |   0.0 |       0 |       1 |   0.0 |    72
           D:3 |       0 |      12 |   0.0 |       0 |       6 |   0.0 |   222
           D:4 |       0 |       3 |   0.0 |       0 |       1 |   0.0 |     8
               +---------+---------+-------+---------+---------+-------+---------
